 Dungeon Crawl Stone Soup version 0.19-a0-628-g9200b3b (webtiles) character file.

652 georgeearnest the Shield-Bearer (level 7, -8/61 HPs)
             Began as a Hill Orc Fighter on June 13, 2016.
             Was a Follower of Beogh.
             Killed from afar by Pikel (13 damage)
             ... with a wand of acid
             ... on level 4 of the Dungeon.
             The game lasted 00:05:52 (3295 turns).

georgeearnest the Shield-Bearer (Hill Orc Fighter)  Turns: 3295, Time: 00:05:53

Health: -8/61      AC:  8    Str: 21    XL:     7   Next: 54%
Magic:  7/7        EV:  8    Int:  8    God:    Beogh [*.....]
Gold:   183        SH: 10    Dex: 10    Spells: 0 memorised, 6 levels left

rFire  . . .     SeeInvis .     s - +1 hand axe (freeze)
rCold  . . .     Gourm    .     b - +0 scale mail
rNeg   . . .     Faith    .     c - +0 shield
rPois  .         Spirit   .     (no helmet)
rElec  .         Dismiss  .     (no cloak)
rCorr  .         Reflect  .     (no gloves)
SustAt .         Harm     .     (no boots)
MR     .....                    (no amulet)
Stlth  ..........               (no ring)
                                (no ring)

@: not resistant to hostile enchantments, extremely unstealthy
A: no striking features
a: Renounce Religion


You were on level 4 of the Dungeon.
You worshipped Beogh.
Beogh was aware of your devotion.
You were not hungry.

You visited 1 branch of the dungeon, and saw 4 of its levels.

You collected 183 gold pieces.

Inventory:

Hand Weapons
 s - a +1 hand axe of freezing (weapon)
Armour
 b - a +0 scale mail (worn)
 c - a +0 shield (worn)
Scrolls
 a - a scroll of fog {unknown}
 d - 2 scrolls of enchant weapon {unknown}
 e - 3 scrolls of magic mapping {unknown}
 f - a scroll of noise {unknown}
 g - 2 scrolls of identify {unknown}
 i - a scroll of fear {unknown}
 j - a scroll of remove curse {unknown}
 m - 5 scrolls of teleportation {unknown}
 p - a scroll of blinking {unknown}
 r - 4 scrolls of enchant armour {unknown}
Potions
 h - a potion of mutation {unknown}
 n - 4 potions of brilliance {unknown}
 o - a potion of agility {unknown}
Comestibles
 k - a bread ration
 l - 4 meat rations
 q - a beef jerky


   Skills:
 + Level 5.2 Fighting
 + Level 5.0 Axes
 + Level 5.4 Armour
 + Level 2.1 Dodging
 + Level 0.1 Stealth
 + Level 5.6 Shields


You had 6 spell levels left.
You didn't know any spells.

Dungeon Overview and Level Annotations

Branches:
Dungeon (4/15)
 Temple: D:4-7

Altars:
Kikubaaqudgha
Okawaru
Uskayaw

Annotations:
D:4 Pikel, Sigmund


Message History

You block the slave's attack.
You hit the slave. You freeze the slave.
You kill the slave!
That felt strangely unrewarding.
You hit Pikel. You freeze Pikel.
Pikel is lightly wounded.
You block Pikel's attack.
You hit Pikel. You freeze Pikel.
Pikel is moderately wounded.
Pikel zaps a wand.
The bolt of acid hits you!
The acid burns!
* * * LOW HITPOINT WARNING * * *
It is a wand of acid.
You hit Pikel but do no damage.
Pikel is moderately wounded.
Pikel hits you with a whip of electrocution.
* * * LOW HITPOINT WARNING * * *
Okay, then.
Sigmund screams, "Don't try to resist!"
Pikel zaps a wand.
The bolt of acid hits you!
You die...

.⌠. ... # ##.## ♣
#...# ♣#####
#.⌠.# .....# ...
♣....# #.# ....)#
#@# .....# ##.#
##.#.# #.K#
...#.# #p##
.....# #.# .....#
#p# .[...# ##p#
.....#########.@#
.........@p....##


You could see Pikel, Sigmund and 3 slaves.

Vanquished Creatures
  Grinder (D:3)
  Menkaure (D:4)
  A slave (D:4)
  The ghost of georgeearnest the Skirmisher, an amateur HOFi (D:3)
  An orc wizard (D:4)
  A worker ant (D:4)
  Natasha (D:4)
  Robin (D:2)
  5 adders
  An ooze (D:2)
  3 dart slugs
  4 giant geckos
  11 orcs
  A ball python (D:3)
  2 giant cockroaches
  16 goblins
  7 hobgoblins
  4 jackals (D:2)
  4 bats
  8 giant newts
  5 kobolds
  A quokka skeleton (D:3)
  8 rats
88 creatures vanquished.

Vanquished Creatures (others)
  An orc wizard (D:3)
  A worm (D:3)
  An orc (D:3)
  A ball python (D:3)
  A bat (D:3)
  A hobgoblin (D:3)
  A kobold (D:3)
  A giant newt (D:3)
  A plant (D:4)
9 creatures vanquished.

Grand Total: 97 creatures vanquished

Notes
Turn   | Place    | Note
--------------------------------------------------------------
     0 | D:1      | georgeearnest the Hill Orc Fighter began the quest for the Orb.
     0 | D:1      | Reached XP level 1. HP: 19/19 MP: 1/1
   209 | D:1      | Reached XP level 2. HP: 27/27 MP: 2/2
   845 | D:2      | Reached XP level 3. HP: 33/33 MP: 3/3
  1046 | D:2      | Found an ancient bone altar of Kikubaaqudgha.
  1071 | D:2      | Noticed Robin
  1086 | D:2      | Killed Robin
  1086 | D:2      | Reached skill level 1 in Dodging
  1089 | D:2      | Reached XP level 4. HP: 21/40 MP: 4/4
  1671 | D:3      | Became a worshipper of Beogh the Brigand
  1675 | D:3      | Noticed a dagger
  1675 | D:3      | Noticed a dagger
  1676 | D:3      | Found a hide-covered altar of Uskayaw.
  1703 | D:3      | Found a faded altar of an unknown god.
  1977 | D:3      | Noticed Grinder
  1985 | D:3      | Paralysed by Grinder for 5 turns
  2010 | D:3      | Killed Grinder
  2010 | D:3      | Reached XP level 5. HP: 22/47 MP: 5/5
  2010 | D:3      | Reached XP level 6. HP: 25/53 MP: 6/6
  2468 | D:3      | Found an iron altar of Okawaru.
  2499 | D:3      | Reached * piety under Beogh
  2752 | D:3      | Noticed georgeearnest's ghost (amateur HOFi)
  2771 | D:3      | Killed georgeearnest's ghost
  2771 | D:3      | Reached skill level 5 in Armour
  2771 | D:3      | Reached skill level 5 in Shields
  3010 | D:3      | Reached XP level 7. HP: 60/60 MP: 7/7
  3126 | D:4      | Reached skill level 5 in Fighting
  3169 | D:4      | Noticed Natasha
  3177 | D:4      | Killed Natasha
  3180 | D:4      | Noticed Menkaure
  3189 | D:4      | Killed Menkaure
  3189 | D:4      | Reached skill level 5 in Axes
  3257 | D:4      | Noticed Pikel
  3260 | D:4      | Noticed Sigmund
  3295 | D:4      | Killed from afar by Pikel

Vault maps used:
D:1:      lemuel_arrival_room, minmay_misc_feat_tower, st_stairs_2
D:2:      old_standard_altar, st_stairs_10, serial_bayou_pond_d, uniq_robin
D:3:      okawaru_trees_2, dancing_weapons_uskayaw, ecumenical_altar_2,
          uniq_grinder
D:4:      minmay_temple_entry_nine_rooms, first_bread, serial_forest,
          infiniplex_forest_end_2, infiniplex_forest_clump_cross,
          infiniplex_forest_lined_corner, infiniplex_forest_clump_curved,
          infiniplex_forest_straight_3, infiniplex_forest_end_2,
          infiniplex_forest_corner_1, infiniplex_forest_end_1, uniq_sigmund,
          uniq_menkaure, uniq_natasha, uniq_pikel

Skill      XL: |  1  2  3  4  5  6  7 |
---------------+----------------------+-----
Axes           | 3 4 5 |  5.0
Fighting       | 4 5 |  5.2
Dodging        | 1 2 |  2.1
Armour         | 4 5 |  5.4
Shields        | 4 5 |  5.6
Stealth        | |  0.1

Action                   |  1- 3 |  4- 6 |  7- 9 || total
-------------------------+-------+-------+-------++-------
Melee: War axe           |   105 |    48 |       ||   153
       Hand axe          |       |    74 |    57 ||   131
Invok: Convert to Beogh  |       |     1 |       ||     1
  Use: Potion            |       |     3 |       ||     3
  Eat: Bread ration      |     1 |     1 |       ||     2
Armor: Scale mail        |    43 |    52 |    17 ||   112
Dodge: Dodged            |    40 |    25 |    21 ||    86
Block: Shield            |    55 |    67 |    23 ||   145
